 Dungeon Crawl Stone Soup version 0.23-b1-84-g6588a6b (webtiles) character file.

Game seed: 11494999363650450207

26 Gadfly the Sneak (level 2, 0/14 HPs)
             Began as a Spriggan Enchanter on Feb 8, 2019.
             Succumbed to an adder's poison
             ... on level 2 of the Dungeon.
             The game lasted 00:01:12 (867 turns).

Gadfly the Sneak (Spriggan Enchanter)                Turns: 867, Time: 00:01:12

Health: 0/14       AC:  2    Str:  4    XL:     2   Next: 89%
Magic:  7/7        EV: 18    Int: 16    God:
Gold:   67         SH:  0    Dex: 16    Spells: 4/7 levels left

rFire    . . .     SeeInvis +   a - +1 dagger
rCold    . . .     Gourm    .   (shield restricted)
rNeg     . . .     Faith    .   b - +0 robe
rPois    .         Spirit   .   (helmet restricted)
rElec    .         Reflect  .   (no cloak)
rCorr    .         Harm     .   (gloves unavailable)
MR       .....                  (boots unavailable)
Stlth    +++.......             (no amulet)
HPRegen  0.04/turn              (no ring)
MPRegen  0.10/turn              (no ring)

@: lethally poisoned (0 -> -8), very quick
A: very small, unfitting armour, see invisible, herbivore, speed 3, slow
metabolism 2
a: no special abilities


You were on level 2 of the Dungeon.
You were not hungry.

You visited 1 branch of the dungeon, and saw 2 of its levels.

You collected 67 gold pieces.

Inventory:

Hand Weapons
 a - a +1 dagger (weapon)
Armour
 b - a +0 robe (worn)
Scrolls
 c - a scroll of teleportation {unknown}
 e - a scroll of enchant weapon {unknown}
 f - a scroll of immolation {unknown}
 g - 2 scrolls of noise {unknown}
Comestibles
 d - 2 rations


   Skills:
 + Level 0.3 Fighting
 + Level 1.4 Short Blades
 + Level 3.3 Dodging
 * Level 5.2 Stealth
 + Level 3.0 Spellcasting
 + Level 3.8 Hexes


You had 4 spell levels left.
You knew the following spells:

 Your Spells              Type           Power        Failure   Level  Hunger
a - Corona                Hex            ##.....      4%          1    #......
b - Ensorcelled Hibernat  Hex/Ice        #.....       13%         2    ##.....

Your spell library contained the following spells:

 Spells                   Type           Power        Failure   Level  Hunger
 Confuse                  Hex            ##......     12%         3    ###....
 Tukima's Dance           Hex            ##......     12%         3    ###....
 Dazzling Spray           Conj/Hex       #.....       26%         3    ###....


Dungeon Overview and Level Annotations

Branches:
Dungeon (2/15)

Altars:


Innate Abilities, Weirdness & Mutations

You are very small and have problems with some larger weapons.
You are too small for most types of armour.
You have supernaturally acute eyesight. (SInv)
You are a herbivore.
You cover ground extremely quickly.
You need to consume almost no food.


Message History

* * * LOW HITPOINT WARNING * * *
You feel sick.
There is a stone staircase leading up here.
You climb upwards.
* * * LOW HITPOINT WARNING * * *
You feel sick.
There is a stone staircase leading down here.
There is a lethal amount of poison in your body!
There is a lethal amount of poison in your body!
You aren't carrying any potions.
You climb downwards.
* * * LOW HITPOINT WARNING * * *
You feel sick.
There is a stone staircase leading up here.
The adder closely misses you.
You open the door. The adder bites you.
* * * LOW HITPOINT WARNING * * *
You are more poisoned.
The adder poisons you! The adder barely misses you.
You die...

. ..# # ##. .. ####
#.#[. .# ..# #.#.##.#
#.# ......# #<####
#..#.# #
#.S..#.#....#.##
#.#.##.#..b......#
#.#@##.####.#######
+..................
#....#.####.####...
..#....#+##..........
.......).....#.####...
##...........#...
#...........###.#
#...........# .#
#...........# .


You could see an adder.

Vanquished Creatures
  An ooze (D:1)
  2 dart slugs (D:1)
  5 goblins
  A hobgoblin (D:1)
  A ball python (D:1)
  4 bats (D:1)
  A frilled lizard (D:1)
  3 kobolds (D:1)
  A rat (D:1)
19 creatures vanquished.

Notes
Turn   | Place    | Note
-------+----------+-------------------------------------------
     0 | D:1      | Gadfly the Spriggan Enchanter began the quest for the Orb.
     0 | D:1      | Reached XP level 1. HP: 9/9 MP: 5/5
   228 | D:1      | Reached XP level 2. HP: 13/13 MP: 6/6
   259 | D:1      | Learned a level 2 spell: Ensorcelled Hibernation
   376 | D:1      | Reached skill level 5 in Stealth
   867 | D:2      | Succumbed to an adder's poison

Skill      XL: |  1  2 |
---------------+-------+-----
Spellcasting   | 3 |  3.0
Stealth        | 5 |  5.2
Fighting       | |  0.3
Short Blades   | |  1.4
Dodging        | |  3.3
Hexes          | |  3.8

Action                   || total
-------------------------++-------
Melee: Dagger            ||    70
 Stab: Sleeping          ||     6
       Distracted        ||     1
Armor: Robe              ||     6
Dodge: Dodged            ||    69
